 Dungeon Crawl Stone Soup version 0.16.1-28-gcc2312f (webtiles) character file.

513 DevDT the Skirmisher (level 7, -3/72 HPs)
             Began as an Ogre Wanderer on May 31, 2015.
             Slain by a centaur (7 damage)
             ... on level 6 of the Dungeon.
             The game lasted 00:13:29 (5067 turns).

DevDT the Skirmisher (Ogre Wanderer)                Turns: 5067, Time: 00:13:29

Health: -3/72      AC:  5    Str: 18    XL:     7   Next: 20%
Magic:  0/17       EV:  9    Int: 12    God:
Gold:   116        SH:  0    Dex: 10    Spells: 3 memorised, 10 levels left

rFire  . . .     SeeInvis .     m - +0 hand axe
rCold  . . .     Clarity  .     d - +0 robe
rNeg   . . .     SustAb   .     (shield restricted)
rPois  .         Gourm    .     (helmet restricted)
rElec  .         Spirit   .     v - +1 cloak
rCorr  +         Warding  .     (gloves unavailable)
rMut   .         Stasis   .     (boots unavailable)
MR     .....                    t - amulet of resist corrosion
Stlth  +.........               (no ring)
                                (no ring)

@: not resistant to hostile enchantments, very unstealthy
A: unfitting armour, tough skin 1
a: no special abilities


You were on level 6 of the Dungeon.
You were hungry.

You visited 1 branch of the dungeon, and saw 6 of its levels.

You collected 116 gold pieces.

Inventory:

Hand weapons
 e - a +0 club
 g - a +0 dagger
 l - a cursed -2 dagger
 m - a +0 hand axe (weapon)
Armour
 d - a +0 robe (worn)
 v - a +1 cloak (worn)
Jewellery
 t - an amulet of resist corrosion (around neck)
 A - a +4 ring of dexterity {unknown}
Magical devices
 z - a wand of frost (14)
Scrolls
 h - 2 scrolls of enchant armour {unknown}
 i - 4 scrolls of magic mapping {unknown}
 n - a scroll of teleportation {unknown}
 o - 3 scrolls of identify {unknown}
 q - 2 scrolls of remove curse {unknown}
 u - a scroll of blinking {unknown}
 y - a scroll of recharging {unknown}
Potions
 c - a potion of lignification
 j - a potion of haste
 p - a potion of cure mutation {unknown}
 r - 2 potions of brilliance {unknown}
 s - a potion of restore abilities {unknown}
 w - a potion of flight {unknown}
 x - a potion of cancellation {unknown}
Books
 a - a book of Battle

   Spells                             Type                      Level
   a - Infusion                       Charms                       1
   b - Shroud of Golubria             Charms/Translocation         2
   c - Song of Slaying                Charms                       2
   d - Spectral Weapon                Hexes/Charms                 3
   e - Regeneration                   Charms/Necromancy            3
 b - Loryetz's Grimoire of Venom

   Spells                             Type                      Level
   a - Sting                          Conjuration/Poison           1
   b - Cure Poison                    Poison                       2
Comestibles
 f - 3 meat rations
 k - a bread ration


   Skills:
 - Level 5.3 Fighting
   Level 1.0 Shields
 - Level 4.0 Spellcasting
 - Level 2.2 Charms
   Level 1.0 Ice Magic
 + Level 4.3 Poison Magic
 - Level 1.0 Evocations


You had 10 spell levels left.
You knew the following spells:

 Your Spells              Type           Power        Failure   Level  Hunger
a - Infusion              Chrm           #.....       12%         1    #......
b - Sting                 Conj/Pois      #...         12%         1    #......
c - Cure Poison           Pois           ##........   8%          2    ##.....


Dungeon Overview and Level Annotations

Branches:
Dungeon (6/15)             Temple (0/1) D:4

Altars:

Shops:
D:4 *

Annotations:
D:5 Skillabstinenz's ghost, experienced MiBe


Innate Abilities, Weirdness & Mutations

You are too large for most types of armour.
You have tough skin (AC +1).


Message History

Aim: a centaur (moderately wounded)
The sting hits the centaur.
The centaur is poisoned.
The centaur is moderately wounded.
The centaur hits you.
* * * LOW HITPOINT WARNING * * *
You hit the centaur.
The centaur is heavily wounded.
The centaur hits you but does no damage.
The centaur hits you.
* * * LOW HITPOINT WARNING * * *
Your magical contamination has completely faded away.
You hit the centaur but do no damage.
The centaur is severely wounded.
The centaur hits you.
* * * LOW HITPOINT WARNING * * *
The centaur closely misses you.
You hit the centaur.
The centaur is severely wounded.
The centaur looks more healthy.
The centaur hits you!
You die...

##### ### #####
##...##=..#
?......#########..........
#((..(..@c............
##########...<...?....
#............ ##..........
##...##.... ..### ### #.##
.. ###


You could see a centaur.

Vanquished Creatures
  A sky beast (D:6)
  2 ogres (D:4)
  A centaur (D:4)
  An orc priest (D:4)
  Ijyb (D:2)
  9 adders
  A shadow imp (D:6)
  2 giant mites
  A worm (D:2)
  An ooze (D:1)
  An orc (D:3)
  7 bats
  4 giant cockroaches
  3 hobgoblins
  A jackal (D:2)
  8 kobolds
  2 quokkas
  2 giant geckos
  2 giant newts (D:5)
  6 goblins
  7 rats
63 creatures vanquished.

Notes
Turn   | Place    | Note
--------------------------------------------------------------
     0 | D:1      | DevDT, the Ogre Wanderer, began the quest for the Orb.
     0 | D:1      | DevDT set off with: a book of Battle, Loryetz's Grimoire of Venom, a potion of lignification, a +0 robe, a +0 club, a meat ration
     0 | D:1      | Reached XP level 1. HP: 16/16 MP: 4/4
     0 | D:1      | Identified Loryetz's Grimoire of Venom
     2 | D:1      | Learned a level 1 spell: Infusion
   610 | D:1      | Reached skill level 4 in Spellcasting
   795 | D:1      | Reached XP level 2. HP: 21/26 MP: 0/7
   849 | D:1      | Reached skill level 1 in Fighting
  1859 | D:2      | Reached XP level 3. HP: 26/36 MP: 5/9
  2573 | D:2      | Reached XP level 4. HP: 43/48 MP: 11/11
  3047 | D:2      | Noticed Ijyb
  3070 | D:2      | Killed Ijyb
  3070 | D:2      | Reached skill level 5 in Fighting
  3152 | D:2      | Reached XP level 5. HP: 43/57 MP: 7/13
  3327 | D:2      | Learned a level 1 spell: Sting
  3500 | D:2      | Learned a level 2 spell: Cure Poison
  4027 | D:4      | Noticed a centaur
  4039 | D:4      | Killed a centaur
  4039 | D:4      | Reached XP level 6. HP: 22/66 MP: 11/15
  4301 | D:4      | Found Wivao's Assorted Antiques.
  4667 | D:4      | Noticed an ogre
  4675 | D:4      | Killed an ogre
  4697 | D:4      | Found a staircase to the Ecumenical Temple.
  4827 | D:4      | Noticed a black bear
  4858 | D:5      | Entered Level 5 of the Dungeon
  4873 | D:5      | Noticed Skillabstinenz's ghost (experienced MiBe)
  5032 | D:6      | Reached XP level 7. HP: 30/72 MP: 4/17
  5067 | D:6      | Slain by a centaur

Action                   |  1- 3 |  4- 6 |  7- 9 || total
-------------------------+-------+-------+-------++-------
Melee: Dagger            |    55 |       |       ||    55
       Club              |     7 |       |       ||     7
       Hand axe          |    61 |   112 |    18 ||   191
 Cast: Infusion          |    21 |    20 |     2 ||    43
       Sting             |       |    60 |     3 ||    63
       Cure Poison       |       |     3 |       ||     3
Evoke: Wand              |       |     1 |     1 ||     2
  Use: Potion            |     2 |       |       ||     2
 Stab: Sleeping          |       |     1 |       ||     1
  Eat: Chunk             |     4 |     8 |       ||    12
       Beef jerky        |     1 |       |       ||     1
